 Seeded DCSS version 0.28-a0-1117-g0bdd5ba030 (webtiles) character file.

Game seed: 20211212 (custom seed)

1092 a11behringer the Carver (level 8, -1/68 HPs)
             Began as a Minotaur Fighter on Dec 12, 2021.
             Slain by a scorpion (7 damage)
             ... on level 3 of the Dungeon.
             The game lasted 00:11:55 (4253 turns).

a11behringer the Carver (Minotaur Fighter)          Turns: 4253, Time: 00:11:56

Health: -1/68      AC: 11    Str: 23    XL:     8   Next: 9%
Magic:  7/7        EV:  8    Int:  5    God:
Gold:   109        SH:  4    Dex: 10    Spells: 7/7 levels left

rFire   . . .      SeeInvis .   a - +0 long sword
rCold   + . .      Faith    .   c - +0 buckler
rNeg    . . .      Spirit   .   J - +0 chain mail
rPois   .          Reflect  .   (helmet restricted)
rElec   .          Harm     .   (no cloak)
rCorr   .          Rampage  .   E - +0 pair of gloves
Will    .....                   (no boots)
Stlth   ..........              (no amulet)
HPRegen 0.21/turn               j - ring of protection from cold
MPRegen 0.10/turn               (no ring)

@: no status effects
A: horns 2, retaliatory headbutt
a: no special abilities


You were on level 3 of the Dungeon.
You visited 1 branch of the dungeon, and saw 4 of its levels.
You also visited: Sewer.

You collected 198 gold pieces.
You spent 89 gold pieces at shops.

Inventory:

Hand Weapons
 a - a +0 long sword (weapon)
 g - a +0 hunting sling
 q - a +0 hand crossbow
 y - a +2 long sword of distortion
 A - a +0 rapier
Missiles
 m - 5 boomerangs (quivered)
 n - 25 arrows
 r - 30 bolts
 s - 7 poisoned darts
 G - 6 boomerangs of dispersal
Armour
 b - a +0 scale mail
 c - a +0 buckler (worn)
 e - a +2 robe of cold resistance
 E - a +0 pair of gloves (worn)
 J - a +0 chain mail (worn)
Jewellery
 j - a ring of protection from cold (left hand)
Wands
 d - a wand of flame (24)
 x - a wand of polymorph (7)
 H - a wand of iceblast (10)
Scrolls
 f - a scroll of acquirement
 h - 3 scrolls of fog
 i - a scroll of immolation
 k - a scroll of noise
 p - a scroll of fear {unknown}
 v - a scroll of enchant weapon {unknown}
 w - a scroll of torment {unknown}
 C - a scroll of amnesia {unknown}
 D - 2 scrolls of identify
 I - a scroll of teleportation {unknown}
Potions
 o - a potion of mutation {unknown}
 t - 3 potions of cancellation
 u - a potion of heal wounds {unknown}
 z - a potion of ambrosia {unknown}
 B - a potion of curing
 F - 2 potions of brilliance {unknown}


   Skills:
 + Level 5.2 Fighting
 * Level 8.5 Long Blades
 + Level 6.8 Armour
 + Level 1.7 Dodging
 + Level 4.8 Shields


You had 7 spell levels left.
You didn't know any spells.
Your spell library contained the following spells:

 Spells                   Type           Power      Damage    Failure   Level
 Dazzling Flash           Conj/Hex       0%         N/A       100%        3
 Agony                    Necr           0%         N/A       100%        5
 Silence                  Hex/Air        0%         N/A       100%        5


Dungeon Overview and Level Annotations

Branches:
Dungeon (4/15)              Sewer (visited)
 Temple: D:4-7

Altars:

Shops:
D:2 *   D:4 [


Innate Abilities, Weirdness & Mutations

You have a pair of horns on your head.
You reflexively headbutt those who attack you in melee.


Message History

Done exploring.
You climb downwards.
The scorpion barely misses you. You furiously retaliate!
You headbutt the scorpion.
The ogre hits you with a +0 giant club!!
The scorpion stings you.
There is a stone staircase leading up, spattered with blood here.
You block the scorpion's attack. The ogre completely misses you.
You furiously retaliate!
You headbutt the ogre.
You climb upwards.
There is a stone staircase leading down here.
You hit the ogre but do no damage.
The ogre is moderately wounded.
The scorpion stings you but does no damage.
The ogre closely misses you.
You slash the ogre!
The ogre is severely wounded.
The scorpion stings you but does no damage.
You hit the ogre. Your headbutt misses the ogre.
The ogre is severely wounded.
The scorpion stings you. The ogre hits you with a +0 giant club!
You barely miss the ogre. You headbutt the ogre.
The ogre is almost dead.
The scorpion stings you.
The ogre hits you with a +0 giant club!!
* * * LOW HITPOINT WARNING * * *
The scorpion closely misses you.
You slash the ogre!
You kill the ogre!
You block the scorpion's attack.
You see here a +0 giant club.
You barely miss the scorpion.
You headbutt the scorpion, but do no damage.
The scorpion is lightly wounded.
The scorpion stings you but does no damage.
You barely miss the scorpion. The scorpion stings you.
* * * LOW HITPOINT WARNING * * *
The scorpion stings you.
* * * LOW HITPOINT WARNING * * *
You hit the scorpion but do no damage. The scorpion stings you!
You die...

..............#.........#
............#.#.........#
....##.................########
..####.....#........[.........#
.....).....#...........######.#
.....#.....#............# #.#
.....#.....#............## #.#
.....###...#.............# #.#
###### #...#....@..#####.####.#
...#####........s...####.#....#
......##.#....#.........)#.####
......##.#....#.....######.#
.........#....#........#...#
...............##......#.######
.........#....<#.[....##......#
......####.....#......#######.#
##....# ###.#.#......# #.#


You could see a scorpion.

Vanquished Creatures
  Pikel (D:3)
  Sigmund (D:2)
  An ogre (D:3)
  2 lemures
  2 kobold brigands (Sewer)
  2 scorpions (D:4)
  A hound (D:4)
  Ijyb (D:3)
  6 adders
  5 worms
  A dart slug (D:2)
  2 bats (D:2)
  12 endoplasms
  3 giant cockroaches
  6 goblins
  5 hobgoblins
  2 jackals (D:4)
  9 kobolds
  9 ball pythons
  A frilled lizard (D:1)
  8 rats
80 creatures vanquished.

Notes
Turn   | Place    | Note
-------+----------+-------------------------------------------
     0 | D:1      | a11behringer the Minotaur Fighter began the quest for the
                  | Orb.
     0 | D:1      | Reached XP level 1. HP: 19/19 MP: 0/0
   129 | D:1      | Reached XP level 2. HP: 20/27 MP: 1/1
   898 | D:2      | Reached skill level 3 in Long Blades
   933 | D:3      | Reached XP level 3. HP: 23/33 MP: 2/2
  1020 | D:3      | Found a glowing drain.
  1047 | Sewer    | Entered a sewer
  1146 | Sewer    | Reached XP level 4. HP: 34/40 MP: 3/3
  1151 | Sewer    | Noticed a kobold brigand
  1158 | Sewer    | Noticed a kobold brigand
  1164 | Sewer    | Killed a kobold brigand
  1165 | Sewer    | Reached skill level 4 in Long Blades
  1165 | Sewer    | Reached XP level 5. HP: 39/47 MP: 4/4
  1173 | Sewer    | Reached skill level 5 in Long Blades
  1736 | D:3      | Noticed Ijyb
  1745 | D:3      | Killed Ijyb
  1927 | D:3      | Found a faded altar of an unknown god.
  2100 | D:2      | Found Ruywnya's Assorted Antiques.
  2139 | D:2      | Bought a scroll labelled NAKOCEMENN for 23 gold pieces
  2139 | D:2      | Bought a scroll labelled ZEFOLO OMESISHRUWK for 23 gold
                  | pieces
  2139 | D:2      | Bought a cyan potion for 20 gold pieces
  2139 | D:2      | Bought a scroll labelled MEDGHI JIDIE for 23 gold pieces
  2139 | D:2      | Identified a scroll of acquirement
  2168 | D:2      | Noticed Sigmund
  2180 | D:2      | Killed Sigmund
  2181 | D:2      | Reached skill level 6 in Long Blades
  2181 | D:2      | Reached skill level 5 in Armour
  2181 | D:2      | Reached skill level 1 in Dodging
  2181 | D:2      | Reached XP level 6. HP: 45/53 MP: 5/5
  3241 | D:4      | Reached skill level 7 in Long Blades
  3241 | D:4      | Reached XP level 7. HP: 55/60 MP: 6/6
  3368 | D:4      | Found Noblacau's Antique Armour Boutique.
  3471 | D:4      | Noticed Pikel
  3554 | D:2      | HP: 1/60 [lemure[Pikel] (4)]
  3996 | D:3      | Killed Pikel
  3997 | D:3      | Reached skill level 5 in Fighting
  3997 | D:3      | Reached skill level 8 in Long Blades
  3997 | D:3      | Reached XP level 8. HP: 16/68 MP: 7/7
  4253 | D:3      | Slain by a scorpion

Illustrated notes

Levels and vault maps discovered:
D:1:      saegor_arrival_simple_c, layout_loops_cross, serial_bayou_pond_e,
          minmay_split_cup_small
D:2:      layout_loops_ring, serial_shops, shop, minivault_27,
          grunt_ministairs_10, amcnicky_mini_pool_small, uniq_sigmund
D:3:      layout_basic, shapermc_ecumenical_altar_hornbeckon,
          cheibrodos_sewer_entry_bend, uniq_ijyb
D:4:      layout_gridville, serial_shops, shop, minmay_crossroads, uniq_pikel

Skill      XL: |  1  2  3  4  5  6  7 |
---------------+----------------------+-----
Armour         | 4 5 6 |  6.8
Fighting       | 4 5 |  5.2
Shields        | 4 |  4.8
Long Blades    | 3 4 6 7 8 |  8.5
Dodging        | 1 |  1.7

Action                   |  1- 3 |  4- 6 |  7- 9 || total
-------------------------+-------+-------+-------++-------
Melee: Long sword        |    77 |   109 |    45 ||   231
       Headbutt          |    13 |    10 |    11 ||    34
  Use: Scroll            |       |     4 |     5 ||     9
       Potion            |       |     1 |       ||     1
Armor: Scale mail        |    37 |    49 |       ||    86
       Chain mail        |       |     5 |    28 ||    33
Dodge: Dodged            |    20 |    43 |    23 ||    86
Block: Buckler           |    10 |    22 |    15 ||    47

Table legend: (Time is in decaauts)
 A = Elapsed time spent in this place.
 B = Non-inter-level travel time spent in this place.
 C = Inter-level travel time spent in this place.
 D = Time resting spent in this place.
 E = Time spent auto-exploring this place.
 F = Levels seen in this place.
 G = Mean time per level.
                   A        B        C        D        E       F      G
               +--------+--------+--------+--------+--------+-----+--------+
         Total |   4373 |   3999 |    374 |      0 |   3337 |   5 |  874.6 |
       Dungeon |   3846 |   3472 |    374 |      0 |   2921 |   4 |  961.5 |
         Sewer |    526 |    526 |      0 |      0 |    416 |   1 |  526.0 |
               +--------+--------+--------+--------+--------+-----+--------+

Top non-repeatable levels by time:
     D:3: 1153 daAuts
     D:2: 1125 daAuts
     D:1: 898 daAuts
     D:4: 668 daAuts
   Sewer: 526 daAuts
